 Dungeon Crawl Stone Soup version 0.19.0 (webtiles) character file.

111696 edsrzf the Cruncher (level 16, 0/81 HPs)
             Began as a Spriggan Monk on Nov 12, 2016.
             Was an Initiate of Gozag.
             Slain by a spark wasp (16 damage)
             ... on level 2 of the Spider Nest.
             The game lasted 02:12:02 (44324 turns).

edsrzf the Cruncher (Spriggan Monk)                Turns: 44324, Time: 02:12:03

Health: 0/81       AC:  5    Str: 10    XL:     16   Next: 10%
Magic:  22/27      EV: 27    Int: 25    God:    Gozag
Gold:   335        SH:  3    Dex: 20    Spells: 5 memorised, 13 levels left

rFire  . . .     SeeInvis +     a - +3 short sword (venom)
rCold  + . .     Gourm    .     u - +2 robe {Archmagi}
rNeg   + . .     Faith    .     (shield restricted)
rPois  +         Spirit   .     (helmet restricted)
rElec  .         Reflect  +     o - +0 cloak
rCorr  .         Harm     .     (gloves unavailable)
MR     +++..                    (boots unavailable)
Stlth  +++++.....               F - amulet of Uneoty {Reflect rF+ rN+ Str+3 Slay+6 SH+3}
                                v - ring of Sehudada {*Slow +Blink +Fly MR+ Int+8}
                                j - ring of Harmony {Ice rPois Slay+3}

@: very quick
A: unfitting armour, see invisible, herbivore 3, speed 3, slow metabolism 2
a: Potion Petition, Call Merchant, Bribe Branch, Renounce Religion, Evoke Blink,
Evoke Flight


You were on level 2 of the Spider Nest.
You worshipped Gozag.
Gozag was aware of your devotion.
You were not hungry.

You visited 5 branches of the dungeon, and saw 26 of its levels.
You also visited: Labyrinth and Ice Cave.

You collected 10093 gold pieces.
You spent 4021 gold pieces at shops.
You paid 5737 gold pieces to Gozag.

Inventory:

Hand Weapons
 a - a +3 short sword of venom (weapon)
 b - a +6 lajatang of flaming
Armour
 o - a +0 cloak (worn)
 u - a +2 robe of the Archmagi (worn)
Rods
 B - a +2 lightning rod (14/14)
   (You found it in a labyrinth)
Jewellery
 e - an uncursed ring of ice
 g - an uncursed ring of protection from cold
 j - the ring of Harmony (left hand) {Ice rPois Slay+3}
   (You bought it in a shop on level 4 of the Dungeon)

   [ring of ice]

   It enhances your ice magic.
   It affects your accuracy and damage with ranged weapons and melee attacks
   (+3).
   It makes you vulnerable to fire.
   It protects you from cold.
   It protects you from poison.
 k - an uncursed ring of wizardry
 v - the ring of Sehudada (right hand) {*Slow +Blink +Fly MR+ Int+8}
   (You found it on level 4 of the Dungeon)

   [ring of protection from magic]

   It affects your intelligence (+8).
   It affects your resistance to hostile enchantments.
   It lets you fly.
   It lets you blink.
   It may slow you when you take damage.
 w - a +2 ring of evasion
 z - an uncursed ring of ice
 F - the amulet of Uneoty (around neck) {Reflect rF+ rN+ Str+3 Slay+6 SH+3}
   (You bought it in a shop on level 8 of the Dungeon)

   [amulet of reflection]

   It shields you and reflects attacks.
   It affects your strength (+3).
   It affects your accuracy and damage with ranged weapons and melee attacks
   (+6).
   It protects you from fire.
   It protects you from negative energy.
   It affects your SH (+3).
 K - an uncursed ring of protection from magic
 R - an uncursed ring of fire
 S - an uncursed ring of positive energy
Wands
 q - a wand of lightning (10/15)
 s - a wand of iceblast (0/15)
 A - a wand of slowing (25/48)
 G - a wand of lightning (7/15)
 P - a wand of iceblast (6/15)
 Q - a wand of digging (17/24)
 T - a wand of confusion (18/48)
Scrolls
 l - 4 scrolls of teleportation {@r3}
 m - 3 scrolls of random uselessness {unknown}
 n - 4 scrolls of enchant armour {unknown}
 r - 4 scrolls of blinking
 t - 9 scrolls of remove curse {@r2}
 J - 4 scrolls of magic mapping
 L - 2 scrolls of recharging {unknown}
 O - 2 scrolls of immolation
 U - 2 scrolls of fog {unknown}
 Z - a scroll of acquirement {unknown}
Potions
 d - a potion of ambrosia
 f - 5 potions of flight
 h - a potion of might
 i - a potion of haste
 D - 3 potions of curing
 E - 4 potions of agility
 N - 4 potions of lignification
 V - 3 potions of brilliance
 X - a potion of cancellation
Books
 p - a book of Clouds
Comestibles
 c - 12 bread rations
 H - 42 fruits


   Skills:
 - Level 8.0 Fighting
 - Level 9.1 Short Blades
 - Level 14.2 Staves
 - Level 10.0 Dodging
 - Level 12.0 Stealth
 + Level 7.1 Spellcasting
 - Level 8.2 Conjurations
 + Level 11.1 Transmutations
 + Level 8.0 Earth Magic


You had 13 spell levels left.
You knew the following spells:

 Your Spells              Type           Power        Failure   Level  Hunger
a - Stone Arrow           Conj/Erth      ######       1%          3    None
b - Blink                 Tloc           N/A          12%         2    None
m - Repel Missiles        Chrm/Air       ##....       12%         2    None
t - Statue Form           Tmut/Erth      ######...    24%         6    ######.
C - Mephitic Cloud        Conj/Pois/Air  ####....     8%          3    None


Dungeon Overview and Level Annotations

Branches:
Dungeon (15/15)            Temple (1/1) D:7            Lair (6/6) D:9
 Shoals (0/4) Lair:2       Spider (2/4) Lair:2        Slime (0/5) Lair:6
    Orc (2/2) D:12            Elf (0/3) Orc:2        Vaults (0/5) D:13
 Depths (0/5) D:15

Altars:
Ashenzari
Cheibriados
Dithmenos
Elyvilon
Fedhas
Gozag
Hepliaklqana
Kikubaaqudgha
Makhleb
Nemelex Xobeh
Okawaru
Qazlal
Ru
Sif Muna
Trog
Uskayaw
Vehumet
Xom
Yredelemnul
Zin
The Shining One

Shops:
D:4 =   D:8 =   D:9 ?:[*[   Orc:1 =((*   Orc:2 %=[[

Annotations:
D:8 PrincessPwny's ghost, novice MiBe
D:10 exclusion: 2 doors
Spider:1 Josephine


Innate Abilities, Weirdness & Mutations

You are very small and have problems with some larger weapons.
You are too small for most types of armour.
You have supernaturally acute eyesight. (SInv)
You are a herbivore.
You cover ground extremely quickly.
You need consume almost no food.


Message History

The orb spider is too close now for your liking.
You start waiting.
The orb spider weaves a glowing orb of energy.
The wavering orb of destruction weakly hits you!
You slice the orb spider!! You burn the orb spider.
The orb spider is almost dead.
You hear a hideous shriek!
A demonic crawler comes into view.
You slice the orb spider!! You burn the orb spider.
You kill the orb spider!
Your Earth Magic skill increases to level 8!
You see here 5 gold pieces.
You now have 321 gold pieces (gained 5).
You barely miss the demonic crawler.
The demonic crawler hits you but does no damage.
The demonic crawler hits you! You block the demonic crawler's attack.
You slash the demonic crawler! You burn the demonic crawler.
The demonic crawler is moderately wounded.
The demonic crawler completely misses you.
You block the demonic crawler's attack. The demonic crawler barely misses you.
You hit the demonic crawler.
The demonic crawler is moderately wounded.
The demonic crawler misses you.
The demonic crawler completely misses you.
You block the demonic crawler's attack.
You slash the demonic crawler! You burn the demonic crawler.
The demonic crawler is severely wounded.
You slice the demonic crawler!! You burn the demonic crawler.
You kill the demonic crawler!
You now have 335 gold pieces (gained 14).
You start resting.
A spark wasp comes into view.
You closely miss the spark wasp. The spark wasp stings you!
The spark wasp shocks you!
You closely miss the spark wasp. The spark wasp stings you!
The spark wasp shocks you!
* * * LOW HITPOINT WARNING * * *
Okay, then.
Okay, then.
Evoke which item? (* to show all) (? for menu, Esc to quit)
Okay, then.
Unknown command.
Okay, then.
Press: ? - help, v - describe, . - travel
Here: a spark wasp The floor.
Unknown command.
Press: ? - help, v - describe, . - travel
Here: a spark wasp The floor.
Unknown command.
Casting: Mephitic Cloud
Confirm with . or Enter, or press ? or * to list all spells.
Aiming: Mephitic Cloud
Press: ? - help, Shift-Dir - straight line, f - spark wasp
Aim: a spark wasp You feel a surge of power!
The ball explodes into a vile cloud!
The stinking cloud engulfs the spark wasp.
The stinking cloud engulfs you!
You hear a hideous shriek!
The spark wasp is engulfed in noxious fumes.
The spark wasp completely misses you.
The spark wasp is engulfed in noxious fumes.
The spark wasp misses you.
Press: ? - help, v - describe, . - travel
Here: a spark wasp (noxious fumes)
The floor.
Unknown command.
The spark wasp is engulfed in noxious fumes.
Press: ? - help, v - describe, . - travel
Here: a spark wasp The floor.
Unknown command.
Okay, then.
Unknown command.
Casting: Mephitic Cloud
Confirm with . or Enter, or press ? or * to list all spells.
Aiming: Mephitic Cloud
Press: ? - help, Shift-Dir - straight line, f/p - spark wasp
Aim: a spark wasp You feel a surge of power!
The ball explodes into a vile cloud!
The stinking cloud engulfs the spark wasp.
The stinking cloud engulfs you!
The spark wasp is engulfed in noxious fumes.
The spark wasp appears confused.
Your +6 lajatang of flaming stops flaming.
Your +3 short sword of venom begins to drip with poison!
a - a +3 short sword of venom (weapon)
The spark wasp is engulfed in noxious fumes.
The spark wasp appears confused.
You hit the spark wasp.
The spark wasp is lightly wounded.
The spark wasp is engulfed in noxious fumes.
The spark wasp appears confused.
You found a web!
The spark wasp stings you.
* * * LOW HITPOINT WARNING * * *
The spark wasp shocks you!
You die...
Your body crumbles into a pile of gold.

..#..#####...## ... ##. ###..
....##.[.#....# ## ...##..##....
........##...## #.##......#.....
.......[.....### ..###....#.....
##.####..=.###.### ...##.........
.###..###.##.....## ....[.......#
.#.^...######....^###.....#......
##....## ###...§.##....#......
....?## ####.y@.§§§.....#..##..
....#######..###..§.......#^..###
....#...#^.......§#......##.....#
..###...#.........###....#.....<.
........##...#....# ###..#..s....
.............#...## #.##......
.##..^.......##### ##...#...
.#####......## #....#^..
..###......^# ##..###..


You could see a spark wasp (confused).

Vanquished Creatures
  Agnes (D:14)
  Donald (Spider:2)
  An orc warlord (Orc:1)
  A fire dragon (Lair:6)
  Fannar (D:11)
  2 ice dragons (IceCv)
  11 hydras
  A catoblepas (Lair:6)
  3 vault guards (D:13)
  A centaur warrior (D:14)
  A tengu warrior (D:15)
  4 orc high priests (Orc:2)
  A fire crab (Lair:6)
  A flayed ghost (D:13)
  4 wolf spiders
  7 hill giants
  A lindwurm (Lair:4)
  4 orc knights
  2 manticores
  6 orc sorcerers
  5 orb spiders
  A cyclops (shapeshifter) (D:15)
  2 deep elf magi
  7 cyclopes
  6 ugly things
  A faun (Lair:1)
  2 sirens (Lair:2)
  3 molten gargoyles (Lair:6)
  9 black mambas
  9 elephants
  3 gargoyles
  8 rime drakes
  11 spiny frogs
  An efreet (D:14)
  16 komodo dragons
  A redback zombie (D:14)
  A freezing wraith (D:14)
  3 trolls
  4 demonic crawlers
  A tengu conjurer (D:15)
  3 meliai (D:15)
  A polar bear (Lair:5)
  A two-headed ogre (Orc:2)
  6 jumping spiders (Spider:2)
  2 merfolk (Lair:2)
  4 hornets
  Grinder (D:4)
  14 slime creatures
  12 dream sheep (Lair:5)
  17 blink frogs
  A meliai zombie (D:13)
  A harpy skeleton (D:15)
  A centaur simulacrum (D:14)
  10 hippogriffs
  A spriggan (D:7)
  Sigmund (D:4)
  10 redbacks
  3 shadows
  32 yaks
  Eustachio (D:4)
  2 water elementals
  A wraith (D:15)
  A tarantella (Spider:2)
  5 wyverns
  A fire elemental (Lair:6)
  2 hungry ghosts
  2 steam dragons
  7 vampire mosquitoes
  9 basilisks
  2 wargs
  12 water moccasins
  5 hell hounds (Lair:6)
  5 porcupines
  26 ice beasts
  A swamp drake (D:12)
  36 orc warriors
  2 black bears
  4 hornet zombies
  5 sky beasts
  12 ogres
  An eye of draining (D:13)
  3 phantoms
  3 necrophages
  9 wolves
  19 centaurs
  17 crocodiles
  A big kobold (D:11)
  18 bullfrogs
  A wyvern skeleton (D:12)
  5 scorpions
  12 killer bees
  21 wights
  6 howler monkeys
  4 electric eels
  5 lava snakes (Lair:6)
  7 crimson imps
  A quasit (D:8)
  A wyvern simulacrum (D:15)
  17 orc priests
  7 hounds
  5 centaur zombies
  6 jellies
  5 bullfrog skeletons
  7 centaur skeletons
  Jessica (D:3)
  7 hell rats (Lair:5)
  5 iguanas
  Natasha (D:3)
  27 orc wizards
  9 worker ants
  A hound zombie (D:8)
  2 hound skeletons
  A worker ant zombie (D:9)
  12 adders
  8 gnolls
  11 river rats (Lair:5)
  3 shadow imps
  3 white imps (D:15)
  2 oozes
  2 adder skeletons
  5 worms
  4 dart slugs
  8 leopard geckos
  87 orcs
  2 ball pythons
  7 giant cockroaches
  6 goblins
  8 hobgoblins
  13 jackals
  9 quokkas
  4 bats
  5 frilled lizards
  2 jackal skeletons (D:4)
  13 kobolds
  2 quokka skeletons
  23 rats
884 creatures vanquished.

Vanquished Creatures (others)
  A tarantella (Spider:1)
  A redback (Spider:2)
  A steam dragon (Lair:6)
  An orc priest (Orc:2)
  An orc wizard (D:5)
  3 orcs
  A kobold (D:11)
  11 fungi
  18 plants
38 creatures vanquished.

Grand Total: 922 creatures vanquished

Notes
Turn   | Place    | Note
-------+----------+-------------------------------------------
     0 | D:1      | edsrzf the Spriggan Monk began the quest for the Orb.
     0 | D:1      | Reached XP level 1. HP: 11/11 MP: 2/2
    98 | D:1      | Reached XP level 2. HP: 16/16 MP: 3/3
   997 | D:2      | Reached XP level 3. HP: 19/19 MP: 4/4
  1065 | D:2      | Reached skill level 4 in Short Blades
  1271 | D:2      | Reached skill level 5 in Dodging
  1384 | D:2      | Reached skill level 4 in Stealth
  2031 | D:3      | Reached XP level 4. HP: 23/23 MP: 5/5
  2221 | D:3      | Noticed an ogre
  2226 | D:3      | Killed an ogre
  2226 | D:3      | Reached skill level 3 in Fighting
  2226 | D:3      | Reached XP level 5. HP: 24/28 MP: 6/6
  2412 | D:3      | Found a burning altar of Makhleb.
  2412 | D:3      | Noticed a green death
  2495 | D:3      | Reached skill level 5 in Stealth
  2759 | D:3      | Noticed Natasha
  2761 | D:3      | Killed Natasha
  2761 | D:3      | Reached skill level 6 in Dodging
  2834 | D:3      | Noticed Jessica
  2836 | D:3      | Killed Jessica
  2846 | D:3      | Reached XP level 6. HP: 31/32 MP: 7/7
  3297 | D:4      | Found Zacwuba's Jewellery Boutique.
  3305 | D:4      | Noticed Eustachio
  3317 | D:4      | Killed Eustachio
  3317 | D:4      | Reached skill level 5 in Short Blades
  3424 | D:4      | Reached skill level 6 in Stealth
  3450 | D:4      | Got a pitted steel ring
  3715 | D:4      | Noticed Grinder
  3729 | D:4      | Killed Grinder
  3729 | D:4      | Reached skill level 4 in Fighting
  3729 | D:4      | Reached skill level 7 in Dodging
  3729 | D:4      | Reached XP level 7. HP: 37/37 MP: 8/8
  3871 | D:4      | Identified the ring of Sehudada {*Slow +Blink +Fly MR+ Int+8} (You found it on level 4 of the Dungeon)
  3913 | D:4      | Reached skill level 7 in Stealth
  3913 | D:4      | Reached skill level 1 in Spellcasting
  4019 | D:4      | Reached skill level 6 in Short Blades
  4095 | D:4      | Noticed Sigmund
  4115 | D:5      | Entered Level 5 of the Dungeon
  4191 | D:5      | Reached skill level 2 in Spellcasting
  4197 | D:5      | Reached XP level 8. HP: 22/42 MP: 10/12
  4412 | D:5      | Found a bloodstained altar of Trog.
  4566 | D:5      | Reached skill level 8 in Stealth
  4812 | D:5      | Reached skill level 3 in Spellcasting
  5095 | D:4      | Identified 3 potions of lignification
  5120 | D:4      | Identified 2 potions of might
  5121 | D:4      | Identified 2 potions of curing
  5582 | D:6      | Reached skill level 5 in Fighting
  5684 | D:6      | Reached skill level 9 in Stealth
  5684 | D:6      | Reached skill level 4 in Spellcasting
  5686 | D:6      | Reached skill level 7 in Short Blades
  6441 | D:6      | Reached XP level 9. HP: 47/47 MP: 17/17
  6547 | D:6      | Reached skill level 5 in Spellcasting
  6755 | D:6      | Reached skill level 10 in Stealth
  7271 | D:6      | Found a deep blue altar of Sif Muna.
  7316 | D:7      | Reached skill level 8 in Short Blades
  7523 | D:7      | Identified 6 scrolls of enchant weapon
  7524 | D:7      | Identified 4 scrolls of identify
  7524 | D:7      | Identified a potion of flight
  7525 | D:7      | Identified a potion of haste
  7526 | D:7      | Identified a potion of experience
  7527 | D:7      | Identified a potion of degeneration
  7529 | D:7      | Reached skill level 8 in Conjurations
  7529 | D:7      | Reached XP level 10. HP: 53/53 MP: 19/19
  7694 | D:7      | Found a staircase to the Ecumenical Temple.
  7701 | Temple   | Entered the Ecumenical Temple
  7893 | Temple   | Became a worshipper of Gozag Ym Sagoz the Greedy
  7991 | D:7      | Reached skill level 6 in Spellcasting
  8521 | D:7      | Reached skill level 11 in Stealth
  8749 | D:8      | Reached skill level 6 in Fighting
  8963 | D:8      | Noticed PrincessPwny's ghost (novice MiBe)
  9355 | D:8      | Found Cowes's Jewellery Shop.
  9580 | D:8      | Identified a potion of agility
  9801 | D:8      | Identified 7 scrolls of teleportation
  9949 | D:9      | Found Maosigu's Magic Scroll Shoppe.
  9954 | D:9      | Bought a scroll of remove curse for 42 gold pieces
  9954 | D:9      | Bought a scroll of magic mapping for 49 gold pieces
  9954 | D:9      | Bought a scroll of blinking for 105 gold pieces
  9954 | D:9      | Bought a scroll of fear for 49 gold pieces
  9954 | D:9      | Bought a scroll of identify for 28 gold pieces
  9954 | D:9      | Bought a scroll of identify for 28 gold pieces
  9954 | D:9      | Bought a scroll of identify for 28 gold pieces
  9954 | D:9      | Identified a potion of heal wounds
  9955 | D:9      | Identified a scroll of amnesia
  9956 | D:9      | Identified a scroll of summoning
  9984 | D:9      | Found a shadowy altar of Dithmenos.
  9996 | D:9      | Reached XP level 11. HP: 56/56 MP: 20/22
 10053 | D:9      | Found a staircase to the Lair.
 10951 | D:10     | Entered Level 10 of the Dungeon
 10964 | D:10     | Reached skill level 7 in Spellcasting
 11813 | D:10     | Reached skill level 9 in Short Blades
 11955 | D:10     | Reached skill level 12 in Stealth
 12286 | Lair:1   | Entered Level 1 of the Lair of Beasts
 12322 | Lair:1   | Noticed a four-headed hydra
 12327 | Lair:1   | Found a labyrinth entrance.
 12332 | Lab      | Entered a labyrinth
 12710 | Lab      | Noticed a minotaur
 13248 | Lab      | Identified a +2 lightning rod (14/14) (You found it in a labyrinth)
 13553 | Lair:1   | Reached skill level 1 in Staves
 13694 | Lair:1   | Reached skill level 2 in Staves
 14132 | Lair:2   | Reached skill level 3 in Staves
 14298 | Lair:2   | Found a hole to the Spider Nest.
 14510 | Lair:2   | Reached skill level 4 in Staves
 14842 | Lair:2   | Found a staircase to the Shoals.
 15157 | D:8      | Bought the amulet of Uneoty {Reflect rF+ rN+ Str+3 Slay+6 SH+3} for 896 gold pieces
 15512 | D:11     | Reached skill level 5 in Staves
 15828 | D:11     | Noticed Fannar
 15878 | D:12     | Noticed a four-headed hydra
 16506 | D:12     | Noticed a hill giant
 16585 | D:12     | Reached skill level 6 in Staves
 16729 | D:12     | Reached XP level 12. HP: 51/62 MP: 23/23
 17179 | D:12     | Found a staircase to the Orcish Mines.
 17216 | D:12     | Reached skill level 7 in Staves
 17444 | Orc:1    | Entered Level 1 of the Orcish Mines
 17643 | Orc:1    | Found Famoseigu's General Store.
 17688 | Orc:1    | Found Ocozoadd's Jewellery Boutique.
 17758 | Orc:1    | Found Rax Veo's Antique Weapon Emporium.
 17794 | Orc:1    | Found Neirel's Weapon Shoppe.
 18343 | Orc:1    | Noticed an orc warlord
 18756 | Orc:2    | Entered Level 2 of the Orcish Mines
 18963 | Orc:2    | Reached skill level 8 in Staves
 19034 | Orc:2    | Noticed an orc high priest
 19039 | Orc:2    | Identified a potion of ambrosia
 19040 | Orc:2    | Identified 3 potions of mutation
 19698 | Orc:2    | Found a staircase to the Elven Halls.
 20191 | Orc:1    | Killed an orc warlord
 20191 | Orc:1    | Reached skill level 9 in Staves
 20855 | Orc:2    | Killed an orc high priest
 21892 | Orc:2    | Noticed an orc high priest
 21892 | Orc:2    | Noticed an orc high priest
 22179 | Orc:2    | Killed an orc high priest
 22241 | Orc:2    | Noticed an orc high priest
 22247 | Orc:2    | Reached skill level 10 in Staves
 22475 | Orc:2    | Reached XP level 13. HP: 29/66 MP: 24/24
 22733 | Orc:2    | Found Lugod's Antique Armour Shop.
 22733 | Orc:2    | Found Liheg's Food Emporium.
 23814 | Orc:2    | Found Pyruh Xasov's Jewellery Emporium.
 23814 | Orc:2    | Found Saujett's Armour Shop.
 24211 | D:12     | Reached skill level 11 in Staves
 24773 | D:13     | Found a frozen archway.
 24783 | IceCv    | Entered an ice cave
 26112 | D:13     | Reached skill level 12 in Staves
 26124 | D:13     | Identified a scroll of brand weapon
 26125 | D:13     | Identified a scroll of immolation
 26194 | D:13     | Found a gate to the Vaults.
 26413 | D:13     | Found a stormy altar of Qazlal.
 26413 | D:13     | Found a hazy altar of Hepliaklqana.
 26417 | D:13     | Noticed a tengu reaver
 26612 | D:11     | Killed Fannar
 28199 | Lair:2   | Reached XP level 14. HP: 57/70 MP: 25/25
 28904 | Lair:3   | Reached skill level 13 in Staves
 30878 | Lair:5   | Identified 2 potions of brilliance
 31462 | Lair:5   | Reached skill level 14 in Staves
 31488 | Lair:6   | Entered Level 6 of the Lair of Beasts
 32800 | Lair:6   | Reached skill level 7 in Fighting
 32807 | Lair:6   | Reached skill level 8 in Dodging
 33251 | Lair:6   | Found a staircase to the Slime Pits.
 33594 | Lair:6   | Reached skill level 9 in Dodging
 34093 | Lair:6   | Found a large runed door.
 34965 | Lair:6   | Found a large runed door.
 35077 | Lair:6   | Reached skill level 8 in Fighting
 35094 | Lair:6   | Reached skill level 10 in Dodging
 35094 | Lair:6   | Reached XP level 15. HP: 55/77 MP: 26/26
 35395 | Lair:6   | Learned a level 6 spell: Statue Form
 35436 | Lair:6   | Reached skill level 1 in Transmutations
 35544 | Lair:6   | Reached skill level 1 in Earth Magic
 35567 | Lair:6   | Reached skill level 2 in Transmutations
 35626 | Lair:6   | Reached skill level 3 in Transmutations
 35771 | Lair:6   | Reached skill level 2 in Earth Magic
 36260 | Lair:6   | Reached skill level 4 in Transmutations
 37314 | D:13     | Reached skill level 3 in Earth Magic
 37407 | D:13     | Reached skill level 5 in Transmutations
 38114 | D:13     | Reached skill level 6 in Transmutations
 38114 | D:13     | Reached skill level 4 in Earth Magic
 38847 | D:14     | Found a shattered altar of Ashenzari.
 38999 | D:14     | Reached skill level 7 in Transmutations
 39010 | D:14     | Identified a potion of cancellation
 39019 | D:14     | Noticed Agnes
 39027 | D:14     | Killed Agnes
 39027 | D:14     | Reached skill level 5 in Earth Magic
 39542 | D:14     | Reached skill level 8 in Transmutations
 39836 | D:15     | Entered Level 15 of the Dungeon
 40338 | D:15     | Identified 3 scrolls of noise
 40380 | D:15     | Reached skill level 6 in Earth Magic
 40445 | D:15     | Reached skill level 9 in Transmutations
 41068 | D:15     | Identified a scroll of vulnerability
 41183 | D:15     | Found a staircase to the Depths.
 42009 | D:13     | Reached skill level 7 in Earth Magic
 42341 | D:9      | Bought +0 pearl dragon scales for 2000 gold pieces
 42375 | D:9      | Learned a level 3 spell: Stone Arrow
 42377 | D:9      | Bought a book of Minor Magic for 260 gold pieces
 42383 | D:9      | Learned a level 3 spell: Mephitic Cloud
 42388 | D:9      | Learned a level 2 spell: Blink
 42391 | D:9      | Learned a level 2 spell: Repel Missiles
 42522 | D:4      | Killed Sigmund
 42529 | D:4      | Bought the ring of Harmony {Ice rPois Slay+3} for 536 gold pieces
 42683 | Lair:2   | Reached skill level 10 in Transmutations
 42697 | Spider:1 | Entered Level 1 of the Spider Nest
 42710 | Spider:1 | Noticed Josephine
 42738 | Spider:2 | Noticed Donald
 43551 | Spider:2 | Killed Donald
 43551 | Spider:2 | Reached XP level 16. HP: 62/81 MP: 25/27
 44225 | Spider:2 | Reached skill level 11 in Transmutations
 44277 | Spider:2 | Reached skill level 8 in Earth Magic
 44324 | Spider:2 | Slain by a spark wasp

Skill      XL: |  1  2  3  4  5  6  7  8  9 10 11 12 13 14 15 16 |
---------------+-------------------------------------------------+-----
Short Blades   | 4 5 6 7 8 9 |  9.1
Dodging        | 5 6 7 10 | 10.0
Stealth        | 4 5 6 7 9 10 11 12 | 12.0
Fighting       | 3 4 5 6 8 |  8.0
Spellcasting   | 2 4 5 6 7 |  7.1
Conjurations   | 8 |  8.2
Staves         | 6 10 12 14 | 14.2
Transmutations | 10 11 | 11.1
Earth Magic    | 7 8 |  8.0

Action                   |  1- 3 |  4- 6 |  7- 9 | 10-12 | 13-15 | 16-18 || total
-------------------------+-------+-------+-------+-------+-------+-------++-------
Melee: Short sword       |   134 |   138 |   396 |  1275 |   437 |     1 ||  2381
       Whip              |     2 |       |       |       |       |       ||     2
       Lajatang          |       |       |       |       |  1056 |    53 ||  1109
 Cast: Mephitic Cloud    |       |       |       |       |     1 |     2 ||     3
Invok: Potion Petition   |       |       |       |     1 |     3 |       ||     4
       Call Merchant     |       |       |       |       |     4 |       ||     4
Evoke: Wand              |       |       |     7 |    11 |     3 |       ||    21
       Phantom mirror    |       |       |       |     1 |       |       ||     1
  Use: Potion            |       |       |     5 |     3 |     6 |       ||    14
       Scroll            |       |       |     5 |    17 |    20 |     1 ||    43
 Stab: Sleeping          |    11 |    10 |    16 |    34 |    37 |       ||   108
       Distracted        |       |       |     2 |    15 |    36 |     1 ||    54
       Fleeing           |       |       |       |     1 |       |       ||     1
       Invisible         |       |       |       |       |    13 |       ||    13
       Confused          |       |       |       |       |     1 |       ||     1
       Held in net/web   |       |       |       |       |     1 |       ||     1
  Eat: Fruit             |       |     3 |       |       |     9 |       ||    12
       Bread ration      |       |       |     1 |     2 |     2 |       ||     5
       Pizza             |       |       |       |     3 |     1 |       ||     4
Armor: Robe              |    14 |     5 |    17 |    50 |    47 |     4 ||   137
Dodge: Dodged            |   100 |    87 |   261 |   718 |   947 |    36 ||  2149
Block: Other             |       |       |     9 |    90 |    94 |     5 ||   198
       Reflection        |       |       |     1 |     4 |     1 |       ||     6
